 Dungeon Sprint DCSS version 0.31-a0-841-g038b102fc3 (webtiles) character file.

Game seed: 4125702780705194053

1519 sircluck the Grappler (level 8, -8/93 HPs)
             Began as a Troll Berserker on Sept 27, 2023.
             Was a High Priest of Trog.
             Killed from afar by a deep elf pyromancer (22 damage)
             ... with a bolt of fire
             ... in the Dungeon (Sprint VII: "The Pits").
             The game lasted 00:01:23 (360 turns).

sircluck the Grappler (Troll Berserker)              Turns: 360, Time: 00:01:24

Health: -8/93      AC:  4    Str: 28    XL:     8   Next: 54%
Magic:  7/7        EV: 12    Int:  3    God:    Trog [*****.]
Gold:   0          SH:  0    Dex:  9    Spells: 7/7 levels left

rFire   . .          .
                       - Unarmed
rCold   . . .        (no shield)
rNeg    . . .        a - +0 animal skin
rPois   .            (helmet restricted)
rElec   .            (no cloak)
rCorr   .            (gloves unavailable)
SInv    .            (boots unavailable)
Will    .....        (no amulet)
Stlth   +            (no ring)
HPRegen 1.15/turn    (no ring)
MPRegen 0.10/turn

%: no teleportation
@: no status effects
A: large, unfitting armour, claws 3, regeneration 1, shaggy fur 1, tough skin 1
a: Renounce Religion, Berserk, Trog's Hand, Brothers in Arms


You were in the Dungeon.
You worshipped Trog.
Trog was extremely pleased with you.
You visited 1 branch

Inventory:

Missiles
 h - 5 poisoned darts (quivered)
Armour
 a - a +0 animal skin (worn)
Scrolls
 g - a scroll of blinking
 j - 2 scrolls of vulnerability
 k - a scroll of summoning
Potions
 b - 6 potions of curing
 c - 6 potions of heal wounds
 d - a potion of haste
 e - 4 potions of magic
 f - 3 potions of berserk rage
 i - 2 potions of invisibility


   Skills:
 + Level 9.8 Fighting
 + Level 9.7 Dodging
 + Level 11.5 Unarmed Combat


You had 7 spell levels left.
You didn't know any spells.
Your spell library was empty.

Dungeon Overview and Level Annotations

Branches:
Dungeon (1/1)

Altars:
Ashenzari
Cheibriados
Dithmenos
Elyvilon
Fedhas
Gozag
Hepliaklqana
Kikubaaqudgha
Makhleb
Nemelex Xobeh
Okawaru
Qazlal
Ru
Sif Muna
Trog
Uskayaw
Vehumet
Wu Jian
Xom
Yredelemnul
Zin
The Shining One
Jiyva
Lugonu


Innate Abilities, Weirdness & Mutations

You are too large for most types of armour.
You have claws for hands.
Your natural rate of healing is unusually fast.
You are covered in fur. (AC +1)
You have tough skin. (AC +1)


Message History

The fire elemental is moderately damaged.
The fire elemental hits you. The fire elemental burns you!
You claw the fire elemental!
The fire elemental is heavily damaged.
The fire elemental hits you. The fire elemental burns you!
The fire elemental hits you. The fire elemental burns you!
You mangle the fire elemental!!
You destroy the fire elemental!
The fire elemental disappears in a puff of smoke!
You closely miss the fire elemental. The fire elemental hits you.
The fire elemental burns you!
You are too injured to fight recklessly!
You are too injured to fight recklessly!
You are too injured to fight recklessly!
You are too injured to fight recklessly!
You mangle the fire elemental!!
The fire elemental is heavily damaged.
The fire elemental hits you. The fire elemental burns you!
You completely miss the fire elemental.
The fire elemental is heavily damaged.
The fire elemental hits you. The fire elemental burns you!
* * * LOW HITPOINT WARNING * * *
You barely miss the fire elemental.
The fire elemental is heavily damaged.
The fire elemental hits you. The fire elemental burns you!
* * * LOW HITPOINT WARNING * * *
Unknown command.
Unknown command.
You claw the fire elemental!
The fire elemental is almost destroyed.
The fire elemental misses you.
Unknown command.
Unknown command.
Unknown command.
You barely miss the fire elemental.
The fire elemental is almost destroyed.
The deep elf pyromancer casts a spell at you.
The bolt of fire hits the fire elemental.
The fire elemental completely resists.
The bolt of fire hits you!!
You die...

#.#..#####.##.......##''##
#.#..'...#.##.......##....
#.#.)'...†.##.......##...#
#.#..########...<...##..##
#.#..'[))).##.......##..#
#.#..#[))).##.......##..+
#'###########.......##.##
#..)....#.)#############
#.###...#@## #.#.....#E#
#.#...#.#e#
#.....#.#.'○...+
#...###.#'#☼...#
#.......'.#.g..#
########### ####


You could see a deep elf pyromancer and a fire elemental (summoned).

Vanquished Creatures
  An orc sorcerer (D)
  A freezing wraith (D)
  Grinder (D)
  Prince Ribbit (D)
  A ynoxinul (D)
  A floating eye (D)
  A kobold brigand (D)
  A gnoll sergeant (D)
  A crimson imp (D)
  A gnoll bouda (D)
  6 gnolls (D)
  An ufetubus (D)
  A worm (D)
  An orc (D)
  A giant cockroach (D)
  2 hobgoblins (D)
  A kobold (D)
  A ball python (D)
  3 frilled lizards (D)
  A giant cockroach zombie (D)
28 creatures vanquished.

Notes
Turn   | Place    | Note
-------+----------+-------------------------------------------
     0 | D        | sircluck the Troll Berserker began the quest for the Orb.
     0 | D        | Reached XP level 1. HP: 22/22 MP: 0/0
    11 | D        | Noticed a kobold brigand
    11 | D        | Noticed an orc sorcerer
    11 | D        | Noticed a ynoxinul
    20 | D        | Killed an orc sorcerer
    21 | D        | Reached skill level 8 in Unarmed Combat
    21 | D        | Reached XP level 2. HP: 33/40 MP: 1/1
    21 | D        | Reached XP level 3. HP: 38/46 MP: 2/2
    21 | D        | Reached XP level 4. HP: 45/55 MP: 3/3
    21 | D        | Reached XP level 5. HP: 51/62 MP: 4/4
    21 | D        | Reached XP level 6. HP: 58/71 MP: 5/5
    25 | D        | Killed a ynoxinul
    25 | D        | Reached ** piety under Trog
    26 | D        | Reached skill level 9 in Unarmed Combat
    26 | D        | Reached XP level 7. HP: 34/79 MP: 6/6
    95 | D        | Found a bloodstained altar of Trog.
    95 | D        | Found a shimmering blue altar of Sif Muna.
    95 | D        | Found a viscous altar of Jiyva.
    95 | D        | Found a hazy altar of Hepliaklqana.
    95 | D        | Found an opulent altar of Gozag.
    96 | D        | Found a glowing golden altar of the Shining One.
    96 | D        | Found a glowing silver altar of Zin.
    96 | D        | Found a basalt altar of Yredelemnul.
    96 | D        | Found a shimmering altar of Xom.
    96 | D        | Found an ornate altar of the Wu Jian Council.
    96 | D        | Found a sacrificial altar of Ru.
    96 | D        | Found a stormy altar of Qazlal.
    96 | D        | Found an iron altar of Okawaru.
    96 | D        | Found a sparkling altar of Nemelex Xobeh.
    96 | D        | Found a burning altar of Makhleb.
    96 | D        | Found a blossoming altar of Fedhas.
    96 | D        | Found a white marble altar of Elyvilon.
    96 | D        | Found a shadowy altar of Dithmenos.
    96 | D        | Found a snail-covered altar of Cheibriados.
    98 | D        | Found a radiant altar of Vehumet.
    98 | D        | Found a corrupted altar of Lugonu.
    99 | D        | Found a hide-covered altar of Uskayaw.
    99 | D        | Found an ancient bone altar of Kikubaaqudgha.
    99 | D        | Found a broken altar of Ashenzari.
   142 | D        | Reached *** piety under Trog
   166 | D        | Reached **** piety under Trog
   217 | D        | Noticed Prince Ribbit
   237 | D        | Killed Prince Ribbit
   238 | D        | Reached skill level 10 in Unarmed Combat
   246 | D        | Reached ***** piety under Trog
   261 | D        | Noticed Grinder
   265 | D        | Killed Grinder
   266 | D        | Reached XP level 8. HP: 79/92 MP: 7/7
   266 | D        | Noticed a freezing wraith
   272 | D        | Killed a freezing wraith
   273 | D        | Reached skill level 11 in Unarmed Combat
   311 | D        | Received a gift from Trog
   337 | D        | Noticed a deep elf pyromancer
   360 | D        | Killed from afar by a deep elf pyromancer

Illustrated notes

Levels and vault maps discovered:
D:        pitsprint [storerooms_1, entrance_room_1, metal_vault_7, armoury_1,
          mini_pit_1, grid_room_1, main_hall_1, silver_pit, the_coven_3,
          the_vestibule_1, steel_vault_4, golden_pit, hallway_of_sentries,
          crystal_vault_4, iron_vault_1, final_vault]

Skill      XL: |  1  2  3  4  5  6  7  8 |
---------------+-------------------------+-----
Fighting       | 7 9 |  9.8
Dodging        | 7 9 |  9.7
Unarmed Combat | 8 9 10 11 | 11.5

Action                     |  1- 3 |  4- 6 |  7- 9 || total
---------------------------+-------+-------+-------++-------
  Melee: Unarmed           |     6 |     4 |    68 ||    78
         Punch             |       |       |     2 ||     2
 Invoke: Berserk           |     1 |       |       ||     1
 Armour: Animal skin       |     3 |     3 |    41 ||    47
  Dodge: Dodged            |       |     2 |    26 ||    28

Table legend: (Time is in decaauts)
 A = Elapsed time spent in this place.
 B = Non-inter-level travel time spent in this place.
 C = Inter-level travel time spent in this place.
 D = Time resting spent in this place.
 E = Time spent auto-exploring this place.
 F = Levels seen in this place.
 G = Mean time per level.
                   A        B        C        D        E       F      G
               +--------+--------+--------+--------+--------+-----+--------+
         Total |    354 |    354 |      0 |     91 |    101 |   1 |  354.0 |
       Dungeon |    354 |    354 |      0 |     91 |    101 |   1 |  354.0 |
               +--------+--------+--------+--------+--------+-----+--------+

Top non-repeatable levels by time:
       D: 354 daAuts
